 Dungeon Crawl Stone Soup version 0.28-a0-406-g4bac719ec2 (webtiles) character file.

Game seed: 1199916935672924223

7 Gargoyl the Skirmisher (level 2, -14/29 HPs)
             Began as a Gnoll Abyssal Knight on Sept 5, 2021.
             Was a Follower of Lugonu.
             Demolished by a small abomination (16 damage)
             ... on level 2 of the Abyss.
             The game lasted 00:01:03 (395 turns).

Gargoyl the Skirmisher (Gnoll Abyssal Knight)        Turns: 395, Time: 00:01:04

Health: -14/29     AC:  6    Str: 11    XL:     2   Next: 0%
Magic:  5/5        EV: 10    Int: 11    God:    Lugonu [*.....]
Gold:   23         SH:  0    Dex: 11    Spells: 1/1 levels left

rFire   . . .      SeeInvis .   a - +1 hand axe
rCold   . . .      Faith    .   (no shield)
rNeg    . . .      Spirit   .   f - +0 ring mail
rPois   .          Reflect  .   (no helmet)
rElec   .          Harm     .   (no cloak)
rCorr   .          Rampage  .   (no gloves)
Will    .....                   (no boots)
Stlth   +.........              (no amulet)
HPRegen 0.09/turn               (no ring)
MPRegen 0.09/turn               (no ring)

@: about to teleport
A: fangs 1, strong nose, distributed training
a: Renounce Religion, Depart the Abyss


You were on level 2 of the Abyss.
You worshipped Lugonu.
Lugonu was aware of your devotion.
You visited 0 branches of the dungeon, and saw 0 of its levels.
You visited the Abyss 1 time.

You collected 23 gold pieces.

Inventory:

Hand Weapons
 a - a +1 hand axe (weapon)
Missiles
 c - 4 javelins (quivered)
Armour
 f - a +0 ring mail (worn)
Scrolls
 e - 3 scrolls of teleportation


   Skills:
 + Level 6.4 Fighting
 + Level 0.2 Short Blades
 + Level 0.2 Long Blades
 + Level 4.4 Axes
 + Level 0.2 Maces & Flails
 + Level 0.2 Polearms
 + Level 0.2 Staves
 + Level 0.2 Slings
 + Level 0.2 Bows
 + Level 0.2 Crossbows
 + Level 0.2 Throwing
 + Level 4.4 Armour
 + Level 2.4 Dodging
 + Level 0.2 Stealth
 + Level 0.2 Shields
 + Level 0.2 Unarmed Combat
 + Level 0.2 Spellcasting
 + Level 0.1 Conjurations
 + Level 0.1 Hexes
 + Level 0.1 Summonings
 + Level 0.1 Necromancy
 + Level 0.1 Translocations
 + Level 0.1 Transmutations
 + Level 0.1 Fire Magic
 + Level 0.1 Ice Magic
 + Level 0.1 Air Magic
 + Level 0.1 Earth Magic
 + Level 0.1 Poison Magic
 + Level 4.4 Invocations
 + Level 0.2 Evocations


You had one spell level left.
You didn't know any spells.
Your spell library contained the following spells:

 Spells                   Type           Power      Damage    Failure   Level
 Freeze                   Ice            0%         1d3       58%         1
 Frozen Ramparts          Ice            0%         1d2       91%         3
 Hailstorm                Conj/Ice       0%         3d3       100%        4


Dungeon Overview and Level Annotations

Branches:
Dungeon (0/15)

Altars:


Innate Abilities, Weirdness & Mutations

You have very sharp teeth.
Your uncanny sense of smell can sniff out nearby items.
Your experience applies equally to all skills.


Message History

You are suddenly pulled into a different region of the Abyss!
Found a ring mail.
You see here a +0 ring mail.
f - a +0 ring mail You start removing your armour.
You continue taking off your +0 leather armour. x4
You finish taking off your +0 leather armour.
You start putting on your armour.
You continue putting on your +0 ring mail. x5
You finish putting on your +0 ring mail.
You drop a +0 leather armour.
e - 4 scrolls of teleportation (gained 2)
A small abomination comes into view.
It was a potion of heal wounds.
You feel much better.
Found 13 stones.
As you read the scroll of teleportation, it crumbles to dust.
You feel strangely unstable.
You feel the power of the Abyss delaying your translocation!
An iron imp comes into view.
The iron imp shouts, "Remove thy stench, thou gorbellied sheep-biting nothing!"
A worldbinder comes into view.
A large abomination comes into view.
The worldbinder calls forth creatures from the Elven Halls!
The small abomination closely misses you.
The worldbinder calls forth creatures from the Elven Halls!
The deep elf zephyrmancer gestures wildly while chanting.
The deep elf zephyrmancer blinks!
The small abomination hits you!
Ouch! That really hurt!
The worldbinder calls forth creatures from the Elven Halls!
The large abomination hits you!
* * * LOW HITPOINT WARNING * * *
Unknown command.
The deep elf knight gestures wildly while chanting.
The deep elf knight flickers and vanishes!
Deactivating autopickup; reactivate with Ctrl-A.
The deep elf zephyrmancer shouts!
The small abomination hits you!
Ouch! That really hurt!
You die...

# ...##...#...#.#
..##.#.#.#...#.#.
#...........#....
.# #..#....#{#.#.#.
...###.(.5#.....#.#
.....#..#......#≈.
###....#..e#.#....
#......##.#..##.≈≈
#.#.@xX#.....##♣
#....#..#.......
...#...#####...#.#
. ..... #####
...#.#. .. .### .
.# ##


You could see a large abomination and a small abomination.

Vanquished Creatures
  A white imp (Abyss:2)
1 creature vanquished.

Vanquished Creatures (others)
  A starspawn tentacle (Abyss:1)
1 creature vanquished.

Grand Total: 2 creatures vanquished

Notes
Turn   | Place    | Note
-------+----------+-------------------------------------------
     0 | Abyss:1  | Gargoyl the Gnoll Abyssal Knight began the quest for the
                  | Orb.
     0 | Abyss:1  | Reached XP level 1. HP: 23/23 MP: 3/3
   113 | Abyss:1  | Noticed a sixfirhy
   132 | Abyss:1  | Noticed a tentacled starspawn
   229 | Abyss:2  | Reached XP level 2. HP: 25/29 MP: 5/5
   310 | Abyss:2  | Noticed an apocalypse crab
   330 | Abyss:2  | Noticed an earth elemental
   376 | Abyss:2  | Noticed a small abomination
   385 | Abyss:2  | Noticed a worldbinder
   387 | Abyss:2  | Noticed a large abomination
   388 | Abyss:2  | Noticed a deep elf zephyrmancer
   389 | Abyss:2  | Noticed a deep elf knight
   393 | Abyss:2  | Noticed a deep elf knight
   395 | Abyss:2  | Noticed a deep elf zephyrmancer
   395 | Abyss:2  | Demolished by a small abomination

Illustrated notes

Levels and vault maps discovered:
Abyss:2:  base: Temple, gammafunk_abyss_exit_x_factor, bh_silent_lugonu_exit,
          minivault_23, minivault_23

Action                   || total
-------------------------++-------
Throw: Javelin           ||     3
  Use: Potion            ||     3
       Scroll            ||     2
Dodge: Dodged            ||     2

Table legend: (Time is in decaauts)
 A = Elapsed time spent in this place.
 B = Non-inter-level travel time spent in this place.
 C = Inter-level travel time spent in this place.
 D = Time resting spent in this place.
 E = Time spent auto-exploring this place.
 F = Levels seen in this place.
 G = Mean time per level.
                   A        B        C        D        E       F      G
               +--------+--------+--------+--------+--------+-----+--------+
         Total |    396 |    396 |      0 |      0 |    284 |   2 |  198.0 |
         Abyss |    396 |    396 |      0 |      0 |    284 |   2 |  198.0 |
               +--------+--------+--------+--------+--------+-----+--------+

Top non-repeatable levels by time:
 Abyss:2: 251 daAuts
 Abyss:1: 145 daAuts
